 Dungeon Sprint DCSS version 0.17-a0-1583-g2df49ec (webtiles) character file.

9800000 nuthulu the Invulnerable (level 27, -4/298 HPs)
             Began as a Deep Dwarf Wanderer on July 28, 2015.
             Was the Champion of Makhleb.
             Killed by divine providence
             ... invoked by an accursed
              (11 damage)
             ... in the Dungeon (Sprint VIII: "Arena of Blood").
             The game lasted 00:04:21 (98 turns).

nuthulu the Invulnerable (Deep Dwarf Wanderer)        Turns: 98, Time: 00:04:21

Health: -4/298     AC: 11    Str: 18    XL:     27
Magic:  38/54      EV: 33    Int: 16    God:    Makhleb [******]
Gold:   0          SH:  0    Dex: 20    Spells: 0 memorised, 80 levels left

rFire  . . .     SeeInvis .     m - +∞ Axe of Woe
rCold  . . .     Clarity  .     c - +0 ring mail
rNeg   + . .     SustAt   .     (no shield)
rPois  .         Gourm    .     (no helmet)
rElec  .         Spirit   .     (no cloak)
rCorr  .         Warding  .     (no gloves)
rMut   .         NoTele   +     (no boots)
MR     ++++.                    (no amulet)
Stlth  +++++++++.               (no ring)
                                (no ring)

@: non-regenerating, incredibly resistant to hostile enchantments, incredibly
stealthy
A: damage resistance, recharge devices, negative energy resistance 1, sense
surroundings 3, slow healing 3
a: Device Recharging, Minor Destruction, Lesser Servant of Makhleb, Major
Destruction, Greater Servant of Makhleb, Renounce Religion


You were in the Dungeon.
You worshipped Makhleb.
Makhleb was exalted by your worship.
You were not hungry.

You visited 1 branch

Inventory:

Hand weapons
 a - a +2 hand crossbow
 e - a +0 dagger
 m - the +∞ Axe of Woe (weapon)
   (You found it in the Dungeon)
Missiles
 b - 27 bolts
Armour
 c - a +0 ring mail (worn)
Magical devices
 f - a wand of heal wounds (5)
Scrolls
 l - a scroll of blinking
Potions
 d - 2 potions of curing
 h - a potion of heal wounds
 i - a potion of haste
 j - 2 potions of magic
 k - a potion of berserk rage
Comestibles
 g - a bread ration


   Skills:
 O Level 27 Fighting
 O Level 27 Short Blades
 O Level 27 Axes
 O Level 27 Crossbows
 O Level 27 Throwing
 O Level 27 Armour
 O Level 27 Dodging
 O Level 27 Stealth
 O Level 27 Unarmed Combat
 O Level 27 Spellcasting
 O Level 27 Invocations
 O Level 27 Evocations


You had 80 spell levels left.
You didn't know any spells.

Dungeon Overview and Level Annotations

Branches:
Dungeon (1/1)

Altars:
Makhleb


Innate Abilities, Weirdness & Mutations

You are resistant to damage.
You can recharge devices by infusing magical energy.
You resist negative energy.
You passively map a large area around you.
You do not heal naturally.


Message History

The bag of meat convulses! x3
Your body is wracked with pain!
* * * LOW HITPOINT WARNING * * *
The bag of meat convulses! x3
You hear a shout! x2
The destroyer blinks!
You feel something staring at you. Something smites you!
* * * LOW HITPOINT WARNING * * *
The accursed casts a spell at you. Something smites you!
* * * LOW HITPOINT WARNING * * *
You hear a shout!
You hear a roar!
A bag of meat comes into view. It is wielding a +9 war axe.
Unknown command.
Unknown command.
You hear a shout! x7
The accursed casts a spell at you. Something smites you!
You die... * , ,, , , ,, , ,, , ,...., , , , ...., .... , , , , o.o ,.o. , , , , #oOo

..# , ,, ., #o.
W.# o ,, ,, ,
,..###.. o.###§§ ,
,, ,, ,
,.......###O%ooo..
, , ,
*....§%))M@ooM§Do.
,, ,, , ,
,....#.)V))#o....
* , * ,, ,,.
#_%<._#,§o.. , , ,
, #%....#, . * *
....._..... , , ,
, ,
..§...###%....., ,
, .###.. ,,%.###.
,, ,, , , #.o, ..#
, ,, ,, ,,,, , #..
..# ,, , ,


You could see 2 accurseds, an eight-headed meat hydra, a destroyer, a dread, a
meat berserker (berserk) and 11 bags of meat.

Vanquished Creatures
  2 hell beasts (D)
  A wraith (D)
  19 vampire knights (D)
  29 ogres (D)
  6 liches (D)
  37 orcs (D)
  2 phantoms (D)
  2 hill giants (D)
  4 skeletal warriors (D)
  3 large abominations (D)
  3 small abominations (D)
  3 crawling corpses (D)
111 creatures vanquished.

Vanquished Creatures (others)
  A crawling corpse (D)
1 creature vanquished.

Grand Total: 112 creatures vanquished

Notes
Turn   | Place    | Note
--------------------------------------------------------------
     0 | D        | nuthulu the Deep Dwarf Wanderer began the quest for the Orb.
     0 | D        | nuthulu set off with: a +2 hand crossbow, 27 bolts, a +0 ring mail, 2 potions of curing, a +0 dagger, a wand of heal wounds (5), a bread ration, a potion of heal wounds, a potion of haste, 2 potions of magic, a potion of berserk rage, a scroll of blinking
     0 | D        | Reached XP level 1. HP: 18/18 MP: 1/1
     4 | D        | Became a worshipper of Makhleb the Destroyer
     6 | D        | Noticed a bag of meat
     7 | D        | Noticed a meat berserker
     8 | D        | Noticed a bag of meat
     8 | D        | Noticed a meat berserker
     9 | D        | Noticed a meat berserker
    10 | D        | Noticed a bag of meat
    10 | D        | Noticed a meat berserker
    10 | D        | Killed a meat berserker
    10 | D        | Reached skill level 15 in Fighting
    10 | D        | Reached skill level 18 in Axes
    10 | D        | Reached XP level 2. HP: 21/52 MP: 2/2
    10 | D        | Reached XP level 3. HP: 24/60 MP: 3/3
    10 | D        | Reached XP level 4. HP: 27/68 MP: 4/4
    10 | D        | Reached XP level 5. HP: 29/75 MP: 5/5
    10 | D        | Reached XP level 6. HP: 32/84 MP: 6/6
    10 | D        | Reached XP level 7. HP: 34/91 MP: 7/7
    10 | D        | Reached XP level 8. HP: 36/99 MP: 8/8
    10 | D        | Gained mutation: You passively map the area around you. [Deep Dwarf growth]
    10 | D        | Reached XP level 9. HP: 38/106 MP: 9/9
    10 | D        | Reached XP level 10. HP: 41/116 MP: 10/10
    10 | D        | Reached XP level 11. HP: 43/123 MP: 11/11
    10 | D        | Reached XP level 12. HP: 46/132 MP: 12/12
    10 | D        | Reached XP level 13. HP: 48/139 MP: 13/13
    10 | D        | HP: 1/139 [meat berserker/+9 battleaxe (47)]
    11 | D        | Noticed a meat berserker
    11 | D        | Killed a meat berserker
    11 | D        | Acquired Makhleb's first power
    11 | D        | Reached skill level 20 in Axes
    11 | D        | Reached skill level 21 in Armour
    11 | D        | Gained mutation: You resist negative energy. [Deep Dwarf growth]
    11 | D        | Reached XP level 14. HP: 1/156 MP: 14/14
    11 | D        | Killed a bag of meat
    11 | D        | Reached skill level 22 in Armour
    11 | D        | Killed a meat berserker
    11 | D        | Acquired Makhleb's second power
    11 | D        | Reached skill level 23 in Axes
    11 | D        | Reached XP level 15. HP: 126/170 MP: 15/15
    12 | D        | Noticed a meat berserker
    12 | D        | Noticed a bag of meat
    12 | D        | Noticed a bag of meat
    12 | D        | Noticed a bag of meat
    13 | D        | Noticed a bag of meat
    13 | D        | Noticed a bag of meat
    13 | D        | Noticed a bag of meat
    13 | D        | Noticed a meat berserker
    13 | D        | Killed a meat berserker
    13 | D        | Reached skill level 25 in Axes
    13 | D        | Reached XP level 16. HP: 173/184 MP: 16/16
    13 | D        | Killed a meat berserker
    13 | D        | Acquired Makhleb's third power
    13 | D        | Reached skill level 26 in Axes
    13 | D        | Killed a bag of meat
    13 | D        | Reached skill level 27 in Axes
    13 | D        | Reached skill level 27 in Armour
    13 | D        | Reached skill level 27 in Dodging
    13 | D        | Reached XP level 17. HP: 195/201 MP: 17/17
    14 | D        | Noticed a bag of meat
    14 | D        | Noticed a meat berserker
    14 | D        | Killed a meat berserker
    14 | D        | Acquired Makhleb's fourth power
    14 | D        | Reached skill level 27 in Fighting
    14 | D        | Killed a bag of meat
    14 | D        | Reached skill level 10 in Stealth
    15 | D        | Noticed a bag of meat
    15 | D        | Noticed a meat berserker
    17 | D        | Noticed a bag of meat
    18 | D        | Killed a meat berserker
    18 | D        | Gained mutation: You passively map a large area around you. [Deep Dwarf growth]
    18 | D        | Reached XP level 18. HP: 218/218 MP: 17/31
    18 | D        | Killed a meat berserker
    18 | D        | Acquired Makhleb's fifth power
    18 | D        | Reached skill level 10 in Spellcasting
    18 | D        | Reached skill level 15 in Invocations
    18 | D        | Reached skill level 15 in Evocations
    18 | D        | Killed a bag of meat
    18 | D        | Reached skill level 15 in Crossbows
    18 | D        | Reached XP level 19. HP: 226/226 MP: 17/34
    20 | D        | Noticed a meat berserker
    20 | D        | Killed a bag of meat
    20 | D        | Killed a meat berserker
    21 | D        | Noticed a bag of meat
    21 | D        | Killed a bag of meat
    21 | D        | Reached skill level 15 in Short Blades
    21 | D        | Reached skill level 15 in Throwing
    21 | D        | Reached skill level 15 in Unarmed Combat
    22 | D        | Noticed a meat berserker
    22 | D        | Noticed a large bag of meat
    22 | D        | Noticed a bag of meat
    22 | D        | Noticed a bag of meat
    22 | D        | Noticed a bag of meat
    22 | D        | Noticed a bag of meat
    22 | D        | Noticed a meat berserker
    22 | D        | Noticed a destroyer
    23 | D        | Noticed a bag of meat
    23 | D        | Noticed a bag of meat
    23 | D        | Killed a destroyer
    23 | D        | Reached skill level 15 in Spellcasting
    23 | D        | Reached XP level 20. HP: 236/236 MP: 18/39
    23 | D        | Killed a bag of meat
    23 | D        | Killed a meat berserker
    23 | D        | Killed a bag of meat
    25 | D        | Killed a bag of meat
    25 | D        | Reached XP level 21. HP: 244/244 MP: 19/42
    25 | D        | Killed a bag of meat
    25 | D        | Killed a bag of meat
    27 | D        | Killed a meat berserker
    27 | D        | Reached skill level 27 in Stealth
    27 | D        | Reached skill level 27 in Invocations
    27 | D        | Reached skill level 27 in Evocations
    28 | D        | Killed a meat berserker
    28 | D        | Reached XP level 22. HP: 254/254 MP: 19/46
    30 | D        | Noticed a destroyer
    31 | D        | Killed a bag of meat
    31 | D        | Killed a bag of meat
    31 | D        | Killed a destroyer
    31 | D        | Reached skill level 27 in Crossbows
    33 | D        | Noticed a large bag of meat
    33 | D        | Noticed a destroyer
    33 | D        | Noticed a destroyer
    33 | D        | Noticed a sculptor of flesh
    33 | D        | Killed a large bag of meat
    33 | D        | Killed a bag of meat
    34 | D        | Killed a destroyer
    34 | D        | Reached XP level 23. HP: 262/262 MP: 21/52
    35 | D        | Killed a large bag of meat
    35 | D        | Reached skill level 27 in Short Blades
    35 | D        | Reached skill level 27 in Throwing
    35 | D        | Reached skill level 27 in Unarmed Combat
    35 | D        | Killed a bag of meat
    35 | D        | Reached skill level 27 in Spellcasting
    36 | D        | Killed a destroyer
    37 | D        | Killed a bag of meat
    38 | D        | Killed a sculptor of flesh
    38 | D        | Reached XP level 24. HP: 263/272 MP: 22/54
    39 | D        | Noticed a sculptor of flesh
    39 | D        | Noticed a meat berserker
    40 | D        | Noticed a meat berserker
    41 | D        | Killed a bag of meat
    41 | D        | Noticed a bag of meat
    42 | D        | Noticed a bag of meat
    42 | D        | Noticed a destroyer
    43 | D        | Noticed a bag of meat
    43 | D        | Killed a meat berserker
    43 | D        | Killed a sculptor of flesh
    44 | D        | Noticed a sculptor of flesh
    44 | D        | Killed a sculptor of flesh
    44 | D        | Killed a destroyer
    45 | D        | Noticed a destroyer
    45 | D        | Noticed a sculptor of flesh
    45 | D        | Noticed a meat berserker
    45 | D        | Killed a meat berserker
    45 | D        | Reached XP level 25. HP: 265/280 MP: 24/54
    46 | D        | Noticed a destroyer
    47 | D        | Noticed a bag of meat
    47 | D        | Noticed a bag of meat
    48 | D        | Noticed a sculptor of flesh
    48 | D        | Noticed a bag of meat
    49 | D        | Killed a destroyer
    50 | D        | Killed a bag of meat
    50 | D        | Killed a bag of meat
    50 | D        | Killed a meat berserker
    51 | D        | Noticed a tyrant
    51 | D        | Killed a destroyer
    51 | D        | Reached XP level 26. HP: 290/290 MP: 25/54
    52 | D        | Noticed a meat berserker
    52 | D        | Noticed a tyrant
    52 | D        | Killed a bag of meat
    53 | D        | Noticed a meat berserker
    54 | D        | Noticed a destroyer
    54 | D        | Killed a bag of meat
    55 | D        | Noticed a destroyer
    55 | D        | Killed a meat berserker
    56 | D        | Noticed a bag of meat
    56 | D        | Noticed a meat berserker
    56 | D        | Noticed a destroyer
    56 | D        | Noticed a destroyer
    56 | D        | Killed a meat berserker
    57 | D        | Noticed a meat berserker
    57 | D        | Killed a destroyer
    57 | D        | Reached XP level 27. HP: 298/298 MP: 27/54
    57 | D        | Killed a bag of meat
    57 | D        | Killed a destroyer
    58 | D        | Noticed a bag of meat
    58 | D        | Killed a bag of meat
    58 | D        | Killed a destroyer
    59 | D        | Noticed a destroyer
    59 | D        | Noticed a destroyer
    59 | D        | Noticed a tyrant
    59 | D        | Killed a meat berserker
    59 | D        | Killed a destroyer
    60 | D        | Noticed a bag of meat
    60 | D        | Noticed a bag of meat
    60 | D        | Killed a sculptor of flesh
    61 | D        | Noticed a tyrant
    62 | D        | Noticed a bag of meat
    62 | D        | Noticed a bag of meat
    62 | D        | Killed a tyrant
    62 | D        | Killed a destroyer
    63 | D        | Noticed a destroyer
    63 | D        | Killed a bag of meat
    63 | D        | Killed a bag of meat
    64 | D        | Killed a tyrant
    64 | D        | Killed a meat berserker
    65 | D        | Noticed an accursed
    65 | D        | Noticed a tyrant
    65 | D        | Killed a destroyer
    65 | D        | Killed a bag of meat
    66 | D        | Noticed a destroyer
    67 | D        | Noticed a bag of meat
    67 | D        | Killed a bag of meat
    67 | D        | Killed a bag of meat
    67 | D        | Killed a destroyer
    68 | D        | Noticed a bag of meat
    68 | D        | Killed a tyrant
    69 | D        | Noticed a meat berserker
    70 | D        | Noticed a bag of meat
    70 | D        | Noticed a meat berserker
    70 | D        | Noticed a meat berserker
    70 | D        | Killed a bag of meat
    71 | D        | Noticed a meat berserker
    71 | D        | Killed a tyrant
    73 | D        | Noticed a tyrant
    73 | D        | Noticed a bag of meat
    73 | D        | Noticed a meat berserker
    73 | D        | Noticed a destroyer
    73 | D        | Noticed a bag of meat
    74 | D        | Noticed a destroyer
    75 | D        | Noticed a bag of meat
    75 | D        | Noticed a bag of meat
    75 | D        | Noticed a bag of meat
    75 | D        | Noticed a dread
    75 | D        | Killed a meat berserker
    76 | D        | Killed a meat berserker
    77 | D        | Noticed a bag of meat
    77 | D        | Killed a meat berserker
    77 | D        | Killed a destroyer
    78 | D        | Noticed a meat berserker
    78 | D        | Noticed a bag of meat
    78 | D        | Noticed a meat berserker
    79 | D        | Noticed a meat berserker
    79 | D        | Killed a meat berserker
    79 | D        | Killed a meat berserker
    80 | D        | Killed a destroyer
    80 | D        | Killed a meat berserker
    80 | D        | Killed a bag of meat
    81 | D        | Noticed a meat berserker
    81 | D        | Killed a bag of meat
    83 | D        | Noticed a meat berserker
    83 | D        | Killed a bag of meat
    83 | D        | Killed a bag of meat
    84 | D        | Killed a bag of meat
    85 | D        | Noticed a meat beast
    85 | D        | Killed a dread
    85 | D        | Killed a bag of meat
    85 | D        | Killed a wretched soul
    85 | D        | Killed a meat berserker
    87 | D        | Noticed a destroyer
    87 | D        | Noticed a destroyer
    88 | D        | Noticed a dread
    88 | D        | Noticed a bag of meat
    88 | D        | Noticed a bag of meat
    88 | D        | Noticed a bag of meat
    89 | D        | Noticed a bag of meat
    89 | D        | Killed a wretched soul
    89 | D        | Killed a destroyer
    89 | D        | Killed a meat berserker
    89 | D        | Killed a bag of meat
    89 | D        | Killed a meat berserker
    90 | D        | Noticed a meat beast
    90 | D        | Killed a destroyer
    90 | D        | Killed a bag of meat
    91 | D        | Noticed a bag of meat
    91 | D        | Killed a meat berserker
    91 | D        | Killed a destroyer
    91 | D        | Noticed a bag of meat
    92 | D        | Noticed a meat berserker
    92 | D        | Noticed a bag of meat
    92 | D        | Noticed a bag of meat
    93 | D        | Noticed a destroyer
    93 | D        | Noticed a dread
    93 | D        | Killed a meat beast
    93 | D        | Noticed a bag of meat
    93 | D        | Noticed a bag of meat
    94 | D        | Noticed an accursed
    94 | D        | Killed a tyrant
    95 | D        | Noticed a bag of meat
    95 | D        | Killed a meat beast
    95 | D        | Noticed a bag of meat
    97 | D        | Killed a tyrant
    97 | D        | HP: 7/298 [accursed/divine providence (9)]
    98 | D        | Noticed a bag of meat
    98 | D        | Killed from afar by an accursed

Vault maps used:
D:        meatsprint

Action                   |  1- 3 |  4- 6 |  7- 9 | 10-12 | 13-15 | 16-18 | 19-21 | 22-24 | 25-27 || total
-------------------------+-------+-------+-------+-------+-------+-------+-------+-------+-------++-------
Melee: Executioner's axe |     1 |       |       |       |     2 |     2 |     6 |    13 |    40 ||    64
